 Dungeon Crawl Stone Soup version 0.30.0-5-g1a98f26d00 (webtiles) character file.

Game seed: 16301848490267022595

451 selver the Slasher (level 6, -3/47 HPs)
             Began as a Demonspawn Monk on May 12, 2023.
             Was a Believer of Wu Jian.
             Slain by a gnoll
             ... wielding a +1 flail of protection
              (11 damage)
             ... on level 5 of the Dungeon.
             The game lasted 00:12:38 (3538 turns).

selver the Slasher (Demonspawn Monk)                Turns: 3538, Time: 00:12:39

Health: -3/47      AC:  6    Str: 12    XL:     6   Next: 75%
Magic:  6/6        EV: 12    Int: 11    God:    Wu Jian [**....]
Gold:   202        SH:  0    Dex: 17    Spells: 5/5 levels left

rFire   + .          .
                       - Unarmed
rCold   . . .        d - orb {light}
rNeg    . . .        c - +0 leather armour
rPois   .            n - +2 helmet
rElec   +            (no cloak)
rCorr   .            (no gloves)
SInv    .            (no boots)
Will    .....        l - amulet of the acrobat
Stlth   +            b - ring of protection from fire
HPRegen 0.27/turn    o - +4 ring of slaying
MPRegen 0.10/turn

%: acrobat
@: glowing
A: claws 2, demonic magic 1, mutation resistance 1, electricity resistance
a: Renounce Religion, Wall Jump


You were on level 5 of the Dungeon.
You worshipped Wu Jian.
Wu Jian was pleased with you.
You visited 1 branch of the dungeon, and saw 5 of its levels.

You collected 202 gold pieces.

Inventory:

Armour
 c - a +0 leather armour (worn)
 d - an orb of light (worn)
 n - a +2 helmet (worn)
Jewellery
 b - a ring of protection from fire (left claw)
 l - an amulet of the acrobat (around neck)
 o - a +4 ring of slaying (right claw)
Wands
 q - a wand of iceblast (13)
 t - a wand of flame (6)
Scrolls
 a - 2 scrolls of butterflies {unknown}
 f - 2 scrolls of teleportation {unknown}
 j - 5 scrolls of identify {unknown}
 k - a scroll of immolation {unknown}
 p - a scroll of fog {unknown}
 r - 2 scrolls of torment {unknown}
 s - 2 scrolls of amnesia {unknown}
Potions
 e - 4 potions of brilliance
 g - 2 potions of mutation
 h - a potion of heal wounds {unknown}
 i - a potion of might {unknown}
 m - a potion of curing


   Skills:
 - Level 3.0 Fighting
 - Level 6.0 Long Blades
 - Level 2.6 Dodging
 + Level 3.4 Unarmed Combat


You had 5 spell levels left.
You didn't know any spells.
Your spell library contained the following spells:

 Spells                   Type           Power      Damage    Failure   Level
 Cigotuvi's Dreadful Rot  Necr/Pois/Air  0%         N/A       56%         2
 Ignite Poison            Fire/Tmut/Pois 0%         N/A       80%         3
 Freezing Cloud           Conj/Ice/Air   0%         6-21      100%        5


Dungeon Overview and Level Annotations

Branches:
Dungeon (5/15)
 Temple: D:4-7

Altars:
Dithmenos
Gozag
Okawaru
Ru
Wu Jian

Annotations:
D:4 3 runed translucent doors, Pimp's ghost, amateur TeFi


Innate Abilities, Weirdness & Mutations

You have very sharp fingernails.
Spells you cast may paralyse adjacent enemies.
You are somewhat resistant to further mutation.
You are resistant to electric shocks. (rElec)


Message History

The scorpion is severely wounded.
You feel sick. The scorpion barely misses you.
You claw the scorpion!
You kill the scorpion!
The Council accepts your kill.
You feel sick.
Your Unarmed Combat skill increases to level 3!
You feel sick.
You feel sick.
Aiming: Wall Jump
Press: ? - help, Dir - move target You feel sick.
You are no longer poisoned.
You scratch the gnoll.
The gnoll is heavily wounded.
The gnoll hits you with a +0 club.
You claw the gnoll!
You kill the gnoll!
The Council accepts your kill.
Aiming: Wall Jump
Press: ? - help, Dir - move target You repeatedly attack the gnoll from above.
You scratch the gnoll but do no damage. You scratch the gnoll.
The gnoll is lightly wounded.
You repeatedly attack the gnoll from above.
You scratch the gnoll.
The gnoll is lightly wounded.
You scratch the gnoll.
The gnoll is heavily wounded.
The gnoll hits you with a +1 flail of protection!
The gnoll hits you with a +0 halberd. The gnoll hits you but does no damage.
The gnoll hits you with a +0 halberd!
* * * LOW HITPOINT WARNING * * *
The gnoll hits you but does no damage.
Things that are here:
a +0 club; a gnoll corpse You scratch the gnoll.
The gnoll is heavily wounded.
The gnoll hits you with a +1 flail of protection!
You die...

...........>.....##
#...............[..
#..#.#.#†##.######.
#. #.#.#.#.........
### #......########
....###.#.........#
........#..######.#
####....gg.#
#....°@.######.#
#.....#g.......#
###+###.########
#.# ######.#
#....g.# #.####.#
#.# #.#


You could see 3 gnolls.

Vanquished Creatures
  A bullfrog (D:4)
  2 scorpions
  A hound (D:4)
  An iguana (D:4)
  Robin (D:2)
  8 adders
  2 gnolls
  4 worms
  5 dart slugs
  An orc (D:4)
  4 endoplasms
  4 giant cockroaches
  16 goblins
  10 hobgoblins
  5 jackals (D:2)
  2 quokkas
  14 ball pythons
  4 bats (D:1)
  5 frilled lizards
  8 kobolds
  5 rats
103 creatures vanquished.

Notes
Turn   | Place    | Note
-------+----------+-------------------------------------------
     0 | D:1      | selver the Demonspawn Monk began the quest for the Orb.
     0 | D:1      | Reached XP level 1. HP: 18/18 MP: 1/1
    83 | D:1      | Reached skill level 3 in Long Blades
   159 | D:1      | Gained mutation: You have sharp fingernails. [demonic
                  | ancestry]
   159 | D:1      | Reached XP level 2. HP: 21/24 MP: 2/2
   935 | D:2      | Gained mutation: You have very sharp fingernails. [demonic
                  | ancestry]
   935 | D:2      | Reached XP level 3. HP: 28/29 MP: 3/3
  1011 | D:2      | HP: 1/29 [worm (11)]
  1138 | D:2      | Reached skill level 4 in Long Blades
  1502 | D:2      | Gained mutation: Spells you cast may paralyse adjacent
                  | enemies. [demonic ancestry]
  1502 | D:2      | Reached XP level 4. HP: 32/35 MP: 4/4
  1714 | D:2      | Noticed Robin
  1725 | D:2      | Killed Robin
  1732 | D:2      | Reached skill level 5 in Long Blades
  2118 | D:3      | Found a sacrificial altar of Ru.
  2199 | D:3      | Found a shadowy altar of Dithmenos.
  2242 | D:3      | Found an ornate altar of the Wu Jian Council.
  2247 | D:3      | Became a worshipper of the Wu Jian Council
  2247 | D:3      | Reached * piety under Wu Jian
  2247 | D:3      | Reached ** piety under Wu Jian
  2508 | D:3      | Reached XP level 5. HP: 41/41 MP: 5/5
  2681 | D:4      | Found an opulent altar of Gozag.
  2737 | D:4      | Reached skill level 1 in Unarmed Combat
  2740 | D:4      | Gained mutation: You are somewhat resistant to further
                  | mutation. [potion of mutation]
  2740 | D:4      | Gained mutation: You are resistant to electric shocks.
                  | (rElec) [potion of mutation]
  2902 | D:4      | Noticed an ice beast
  2903 | D:4      | Noticed Pimp's ghost (amateur TeFi)
  2965 | D:4      | Reached XP level 6. HP: 47/47 MP: 6/6
  2988 | D:4      | Found an iron altar of Okawaru.
  3083 | D:4      | Found a runed translucent gate.
  3083 | D:4      | Found a runed translucent gate.
  3083 | D:4      | Found a runed translucent gate.
  3451 | D:5      | Entered Level 5 of the Dungeon
  3483 | D:5      | Reached skill level 6 in Long Blades
  3538 | D:5      | Slain by a gnoll

Illustrated notes

Levels and vault maps discovered:
D:1:      tarquinn_simple_flora_water_a, layout_basic
D:2:      layout_basic, cheibrodos_gnoll_hut, uniq_robin
D:3:      layout_basic, hangedman_ru_absence, mainiacjoe_overflow_two_lobes
D:4:      layout_basic, okawaru_gym_becter, mainiacjoe_overflow_catwalk,
          gammafunk_ghost_icy, minmay_cut_off
D:5:      layout_basic, mainiacjoe_overflow_concentric_impassable,
          minmay_temple_entry_crystal_x, uniq_blork_the_orc

Skill      XL: |  1  2  3  4  5  6 |
---------------+-------------------+-----
Long Blades    | 3 4 5 6 |  6.0
Unarmed Combat | 2 3 |  3.4
Fighting       | |  3.0
Dodging        | |  2.6

Action                     |  1- 3 |  4- 6 || total
---------------------------+-------+-------++-------
  Melee: Falchion          |   111 |    72 ||   183
         Unarmed           |       |    86 ||    86
Ability: Lunge             |       |     7 ||     7
         Wall Jump         |       |    15 ||    15
    Use: Potion            |     1 |     3 ||     4
 Armour: Robe              |    10 |       ||    10
         Leather armour    |     5 |    27 ||    32
  Dodge: Dodged            |    68 |    77 ||   145
